 Dungeon Crawl Stone Soup version 0.30-a0-778-g2ef04afb54 (webtiles) character file.

Game seed: 9468679703393453307

55 Leeroy the Slasher (level 3, -3/18 HPs)
             Began as a Vine Stalker Warper on Feb 16, 2023.
             Slain by an orc
             ... wielding a +0 falchion
              (6 damage)
             ... on level 2 of the Dungeon.
             The game lasted 00:01:19 (1348 turns).

Leeroy the Slasher (Vine Stalker Warper)            Turns: 1348, Time: 00:01:20

Health: -3/18      AC:  4    Str: 13    XL:     3   Next: 93%
Magic:  0/7        EV: 11    Int: 13    God:
Gold:   113        SH:  0    Dex: 15    Spells: 6/6 levels left

rFire   . . .      SeeInvis .    a - +0 falchion
rCold   . . .      Faith    .    (no shield)
rNeg    . . .      Spirit   +    b - +0 leather armour
rPois   .          Reflect  .    (no helmet)
rElec   .          Harm     .    (no cloak)
rCorr   .          Rampage  .    f - +0 pair of gloves
Will    .....                    (no boots)
Stlth   +                        (no amulet)
HPRegen 0.23/turn                (no ring)
MPRegen 0.10/turn                (no ring)

@: no status effects
A: fangs 2, magic shield, antimagic bite, no potion heal 2
a: no special abilities


You were on level 2 of the Dungeon.
You visited 1 branch of the dungeon, and saw 3 of its levels.

You collected 113 gold pieces.

Inventory:

Hand Weapons
 a - a +0 falchion (weapon)
Missiles
 d - 7 boomerangs of dispersal (quivered)
Armour
 b - a +0 leather armour (worn)
 f - a +0 pair of gloves (worn)
Scrolls
 c - 3 scrolls of blinking
 e - 3 scrolls of teleportation {unknown}
 i - a scroll of identify {unknown}
 l - a scroll of silence {unknown}
 m - a scroll of poison {unknown}
Potions
 g - a potion of resistance {unknown}
 h - a potion of flight {unknown}
 j - a potion of brilliance {unknown}
 k - a potion of mutation {unknown}


   Skills:
 - Level 1.7 Fighting
 + Level 3.7 Long Blades
 - Level 0.8 Throwing
 - Level 0.7 Armour
 - Level 1.5 Dodging
 - Level 2.1 Spellcasting
 - Level 3.0 Translocations


You had 6 spell levels left.
You didn't know any spells.
Your spell library contained the following spells:

 Spells                   Type           Power      Damage    Failure   Level
 Blink                    Tloc           18%        N/A       14%         2
 Lesser Beckoning         Tloc           18%        N/A       14%         2
 Teleport Other           Tloc           9%         N/A       28%         3
 Beastly Appendage        Tmut           2%         N/A       32%         1
 Wereblood                Tmut           1%         N/A       43%         2
 Vhi's Electric Charge    Tloc/Air       10%        N/A       45%         3
 Spider Form              Tmut/Pois      1%         N/A       67%         3
 Manifold Assault         Tloc           9%         N/A       67%         4


Dungeon Overview and Level Annotations

Branches:
Dungeon (3/15)

Altars:


Innate Abilities, Weirdness & Mutations

You have extremely sharp teeth.
When hurt, damage is shared between your health and your magic reserves.
Your bite disrupts and absorbs the magic of your enemies.
Potions cannot restore your health.


Message History

No target in view!
Done exploring.
You see here a +0 scale mail.
There is a stone staircase leading down here.
You climb downwards.
There is a stone staircase leading up here. 2 orcs come into view.
The orc shouts!
There are monsters nearby! 2 orcs come into view.
Found a stone staircase leading down.
The orc shouts!
The orc closely misses you.
You barely miss the orc. Your bite misses the orc. The orc closely misses you.
The orc hits you but does no damage.
You hit the orc. Your bite misses the orc.
The orc is heavily wounded.
The orc hits you with a +0 falchion. The orc hits you with a +0 trident!
You are too injured to fight recklessly!
You are too injured to fight recklessly!
You are too injured to fight recklessly!
You are too injured to fight recklessly!
The orc hits you with a +0 trident. The orc attacks as you move away!
The orc hits you with a +0 trident!
* * * LOW HITPOINT WARNING * * *
The orc attacks as you move away! The orc hits you with a +0 falchion.
* * * LOW HITPOINT WARNING * * *
The orc attacks as you move away! The orc hits you but does no damage.
There is a stone staircase leading up here.
The orc closely misses you.
You climb upwards.
There is a stone staircase leading down here.
You are too injured to fight recklessly!
You are too injured to fight recklessly!
You are too injured to fight recklessly!
You are too injured to fight recklessly!
You barely miss the orc. You punch the orc, but do no damage.
The orc is heavily wounded.
The orc hits you with a +0 falchion!
You die...

###..........##.######..#.#.#.#
# #..........##.#.......#.#.#.#
# #..........##.#.#..#.##...#.#
# #..........##.#.#..#......#.#
###[.........##.#'#.........#.#
....############..........#.#.#
.......### #.......####.#.#
....)....## #.......####.#.#
..........## #@o...(......#.#
....###....### #..............#
....# ###....###.......########
....# ##..........#### ....#
##......##+######## ....#
###..............# ....#####
####รท..........# ........#
#..............# #.....###
#.##...........#


You could see an orc.

Vanquished Creatures
  2 adders (D:2)
  A worm (D:2)
  2 dart slugs (D:1)
  2 ball pythons
  3 endoplasms
  A giant cockroach (D:1)
  2 goblins
  2 hobgoblins (D:2)
  3 jackals (D:2)
  4 kobolds
  2 frilled lizards (D:1)
  5 rats
29 creatures vanquished.

Notes
Turn   | Place    | Note
-------+----------+-------------------------------------------
     0 | D:1      | Leeroy the Vine Stalker Warper began the quest for the Orb.
     0 | D:1      | Reached XP level 1. HP: 11/11 MP: 4/4
   135 | D:1      | Reached XP level 2. HP: 13/15 MP: 6/6
   530 | D:1      | Found a faded altar of an unknown god.
   647 | D:2      | Reached XP level 3. HP: 1/18 MP: 2/7
  1348 | D:2      | Slain by an orc

Illustrated notes

Levels and vault maps discovered:
D:1:      wander_arrival_lonely_grave, layout_basic,
          shapermc_ecumenical_altar_acropolis
D:2:      layout_basic, serial_curves, eino_curves_02, eino_curves_02,
          minmay_liquid_box, minmay_misc_feat_chi
D:3:      layout_basic, mainiacjoe_overflow_divided_tiny, serial_shops,
          nicolae_square_shop, nicolae_shop_hallway_plus, shop, minivault_26,
          grunt_ministairs_4, bh_walls_and_bars

Skill      XL: |  1  2 |
---------------+-------+-----
Long Blades    | 2 3 |  3.7
Fighting       | |  1.7
Throwing       | |  0.8
Armour         | |  0.7
Dodging        | |  1.5
Spellcasting   | |  2.1
Translocations | |  3.0

Action                     || total
---------------------------++-------
  Melee: Falchion          ||    98
         Bite              ||    25
         Punch             ||     2
    Use: Potion            ||     2
 Armour: Leather armour    ||    32
  Dodge: Dodged            ||    66

Table legend: (Time is in decaauts)
 A = Elapsed time spent in this place.
 B = Non-inter-level travel time spent in this place.
 C = Inter-level travel time spent in this place.
 D = Time resting spent in this place.
 E = Time spent auto-exploring this place.
 F = Levels seen in this place.
 G = Mean time per level.
                   A        B        C        D        E       F      G
               +--------+--------+--------+--------+--------+-----+--------+
         Total |   1364 |   1313 |     51 |     70 |    971 |   3 |  454.7 |
       Dungeon |   1364 |   1313 |     51 |     70 |    971 |   3 |  454.7 |
               +--------+--------+--------+--------+--------+-----+--------+

Top non-repeatable levels by time:
     D:2: 753 daAuts
     D:1: 592 daAuts
     D:3: 18 daAuts
